Cogmind - Beta 16.1 @@@ ROGUE MODE // 2026.05.02 @ 01:45:01 Player: KURIIRI Result: Destroyed by Y-45 Defender with Heavy Assault Rifle Performance ------------- Evolutions (0) 0 Regions Visited (2) 400 Robots Destroyed (38) 190 Value Destroyed (917) 917 Prototype IDs (0) 0 Alien Tech Used (0) 0 Bonus (0) 0 TOTAL SCORE: 1507 Bonus ------- None Cogmind --------- Core Integrity 0/250 Matter 296/300 Energy 125/125 System Corruption 1% Temperature Cool (9) Movement Treading (340) Ox2 Location -10/Subcaves Parts ------- > --- POWER (1) -------- Light Ion Engine > --- PROPULSION (2) --- Light Treads Spiked Treads > --- UTILITY (2) ------ Huge Storage Unit Makeshift Thermal Plating > --- WEAPON (2) ------- Subdweller Machine Gun Subdweller Machine Gun > --- INVENTORY (25) --- Light Treads Light Treads Light Treads Light Treads Compact Wheel Hover Unit Improved Heat Sink Large Matter Pod (150) Subdweller Laser Shotgun Shotgun Shotgun Shotgun Shotgun Shotgun Battle Rifle Subdweller Machine Gun Multitool Makeshift Hammer Peak State ------------ > --- POWER ------------ Light Ion Engine > --- PROPULSION ------- Light Treads Spiked Treads > --- UTILITY ---------- Huge Storage Unit Makeshift Thermal Plating > --- WEAPON ----------- Subdweller Machine Gun Makeshift Hammer > --- INVENTORY -------- Light Treads Light Treads Light Treads Light Treads Compact Wheel Hover Unit Improved Heat Sink Large Matter Pod Subdweller Beam Cannon Shotgun Shotgun Shotgun Shotgun Shotgun Shotgun Battle Rifle Subdweller Machine Gun Multitool [Rating: 18] Favorites ----------- Power Ion Engine Engine Ion Engine Propulsion Light Treads Treads Light Treads Leg Aluminum Leg Utility Huge Storage Unit Device Improved Terrain Scanner Storage Huge Storage Unit Protection Makeshift Thermal Plating Weapon Shotgun Energy Gun EM Pulse Gun Energy Cannon Subdweller Beam Cannon Ballistic Gun Shotgun Ballistic Cannon Light Cannon Impact Weapon Makeshift Hammer Build | -11 -10 -10 ------- Run | Yrd Mat Sub Slots Evolved . | . . . Power . | . . . Propulsion . | . . . Utility . | . . . Weapon . | . . . Parts Attached 25 | 4 9 12 Power 2 | . 2 . Engine 2 | . 2 . Core . | . . . Reactor . | . . . Propulsion 5 | 2 1 2 Treads 5 | 2 1 2 Leg . | . . . Wheel . | . . . Hover . | . . . Flight . | . . . Utility 4 | 1 2 1 Device 1 | 1 . . Storage 2 | . 2 . Processor . | . . . Hackware . | . . . Protection 1 | . . 1 Artifact . | . . . Weapon 14 | 1 4 9 Energy Gun 1 | . 1 . Energy Cannon 1 | . . 1 Ballistic Gun 10 | 1 2 7 Ballistic Cannon 1 | . 1 . Launcher . | . . . Special Weapon . | . . . Impact Weapon 1 | . . 1 Slashing Weapon . | . . . Piercing Weapon . | . . . Special Melee Weapon . | . . . Unidentified Prototypes . | . . . Parts Lost 5 | . 2 3 Power 1 | . . 1 Propulsion 3 | . 1 2 Utility . | . . . Weapon 1 | . 1 . Highest Loss Streak 1 | . 1 1 To Critical Strikes 1 | . . 1 Average Backups 14 | 5 8 16 Power . | 1 1 . Propulsion 5 | 3 4 6 Utility 1 | . 1 2 Weapon 6 | 1 1 7 Tool/Special . | . . . Unused Backups 19 | . 7 12 Power 2 | . 2 . Propulsion 5 | . . 5 Utility 4 | . 2 2 Weapon 7 | . 3 4 Tool/Special 1 | . . 1 Average Slot Usage (%) 99 | . 99 99 Engine 13 | . 14 13 Treads 27 | . 27 27 Device 1 | . 9 . Storage 19 | . 18 19 Protection 6 | . . 8 Energy Gun 1 | . 5 . Energy Cannon 3 | . . 4 Ballistic Gun 23 | . 22 23 Peak Build Rating 18 | 9 11 18 Average Rating 13 | 7 9 14 On Entrance 8 | 6 9 11 Avg Prop Armor Cover (%) . | . . . Naked Turns . | . . . Heaviest Build 101 | 13 95 101 Greatest Support 40 | 40 40 40 Greatest Overweight (x) 5 | . 2 5 Average Overweight (x) 1 | . . 2 Largest Inventory Capacity 25 | 8 25 25 Average Capacity 22 | 8 12 25 Most Carried 19 | 6 16 19 Average Carried 14 | 5 8 16 Final Capacity 25 | 8 25 25 Final Carried 19 | 4 16 19 Class Distribution -------------------- 81% | Mutant 18% | Derelict-Mutant Dominant Class ---------------- Mutant | -10/Materials Mutant | -10/Subcaves Resources | -11 -10 -10 ----------- Run | Yrd Mat Sub Matter Collected 1433 | 245 618 570 Remotely . | . . . Salvage Created 1475 | 91 902 482 Parts 92 | 5 49 38 Haulers Intercepted 2 | . 2 . Recyclers Shooed 3 | . 3 . Parts Field Recycled . | . . . Retrieved Matter . | . . . Parts Self-Destructed 22 | . . 22 Prevented . | . . . Parts Restored . | . . . Kills | -11 -10 -10 ------- Run | Yrd Mat Sub Combat Hostiles Destroyed 27 | . 15 12 Guns 20 | . 9 11 Cannons 3 | . 2 1 AOE 4 | . 4 . Classes Destroyed 10 | 2 6 2 Worker 1 | . 1 . Builder 1 | . 1 . Tunneler 1 | 1 . . Hauler 2 | . 2 . Recycler 3 | 1 2 . Watcher 3 | . 3 . Swarmer 7 | . 3 4 Grunt 12 | . 12 . Artisan 1 | . . 1 Subdweller 8 | . . 8 Best Kill Streak 4 | 2 3 4 Combat Bots Only 4 | . 3 4 Max Kills in Single Turn 3 | 1 3 2 Gunslinging 1 | . . 1 Exploded 2 | . 2 . Melee . | . . . Uniques/NPCs Destroyed . | . . . Combat | -11 -10 -10 -------- Run | Yrd Mat Sub Hostile Shots Fired 171 | . 57 114 Missed 49 | . 18 31 Hits 122 | . 39 83 Projectile 122 | . 39 83 AOE 1 | . . 1 Critical Strikes 1 | . . 1 Damage Taken 1537 | . 463 1074 Core 256 | . 67 189 Absorbed by Shields . | . . . Ignored by Resistances 7 | . . 7 Core Remaining (%) 100 | 100 . . Volleys Fired 142 | 5 54 83 Largest 2 | 2 2 2 Hottest 110 | 60 60 110 Shots Fired 255 | 10 106 139 Gun 243 | 10 101 132 Cannon 12 | . 5 7 Launcher . | . . . Special . | . . . Kinetic 208 | 5 71 132 Thermal 7 | . . 7 Explosive . | . . . Electromagnetic 40 | 5 35 . Robot Hit Streak 20 | 4 10 20 Robot Miss Streak 8 | 1 5 8 Penetration Max . | . . . Secondary Targets 2 | . 1 1 Max Gunslinging Chain 1 | . 1 1 Shots Hit Robots 136 | 6 66 64 Core Hits 67 | 4 35 28 Critical Kills 1 | . . 1 Critical Parts Destroyed 2 | . 2 . Critical Strikes 3 | . 2 1 Destroy 3 | . 2 1 Melee Attacks 1 | . . 1 Impact 1 | . . 1 Slashing . | . . . Piercing . | . . . Sneak Attacks . | . . . Combat Hostiles . | . . . Follow-up Attacks . | . . . Damage Inflicted 2597 | 65 1302 1230 Guns 2105 | 65 912 1128 Cannons 162 | . 80 82 Explosions 290 | . 290 . Melee . | . . . Ramming 40 | . 20 20 Kinetic 1767 | 16 623 1128 Thermal 372 | . 290 82 Explosive . | . . . Electromagnetic 418 | 49 369 . Impact . | . . . Slashing . | . . . Piercing . | . . . Highest Corruption 1 | . 1 1 Average Corruption 1 | . 1 1 Corruption Purged . | . . . Corruption Blocked . | . . . Effects 34 | . 12 22 Message Errors 12 | . 3 9 Matter Fused 6 | . 2 4 Heat Flow Errors 3 | . 2 1 Energy Discharges 4 | . 2 2 Parts Rejected 1 | . . 1 Data Loss (minor) 2 | . 1 1 Data Loss (major) 3 | . . 3 Misfires 1 | . . 1 Alerts 1 | . 1 . Weapon Failures 1 | . 1 . Overload Shots . | . . . Overflow Damage . | . . . Projectiles . | . . . Explosions . | . . . Melee . | . . . Knockbacks 1 | . 1 . Impact . | . . . Kinetic 1 | . 1 . Secondary . | . . . Self-Inflicted Damage 37 | . 17 20 Shots 1 | . 1 . Rammed 8 | . 8 . Targets Rammed 9 | . 9 . Kicked . | . . . Crushed 1 | . 1 . Highest Temperature 242 | 20 165 242 Average Temperature 31 | 15 29 53 Received Heat Transfer 339 | . 243 96 Effects 1 | . . 1 Interference 1 | . . 1 Siege Activations . | . . . Martial Activations . | . . . Shielding Activations . | . . . Robots Disrupted . | . . . Combat Hostiles . | . . . Robots Corrupted . | . . . Combat Hostiles . | . . . Parts Fried . | . . . Impact Corruptions . | . . . Robots Melted . | . . . Combat Hostiles . | . . . Parts Melted . | . . . Heat Transferred 261 | . 150 111 Parts Sabotaged . | . . . Parts Stolen . | . . . Parts Stripped . | . . . Power Chain Reactions 3 | . 3 . Alert | -11 -10 -10 ------- Run | Yrd Mat Sub Maximum Alert Level 1 | . 1 . Low Security (%) 94 | 100 94 . Level 1 5 | . 5 . Level 2 . | . . . Level 3 . | . . . Level 4 . | . . . Level 5 . | . . . High Security . | . . . Max Security . | . . . Peak Influence 219 | 10 219 . Initial . | . . . Average 110 | 2 113 . Influence Increases 664 | 10 529 125 Destroy 0b10 Robot/C 380 | . 300 80 Destroy 0b10 Robot/NC 55 | 10 45 . Destroy Leader 80 | . 80 . Successful Hack 20 | . 20 . Select Force Hacks 60 | . 60 . Disable Machine 15 | . 15 . Destroy Structure 9 | . 9 . Lose Combat Pursuer 45 | . . 45 Influence Decreases 664 | 10 506 148 Entered New Map 12 | . . 12 Time Decay 632 | 10 486 136 Lost Part 20 | . 20 . Squads Dispatched 4 | . 4 . Investigation 3 | . 3 . Extermination . | . . . Reinforcement 1 | . 1 . Assault . | . . . Garrison . | . . . Intercept . | . . . Searches Triggered . | . . . Construction Impeded . | . . . Haulers Reinforced . | . . . Active Scanning Responses . | . . . Cargo Convoy Interrupts . | . . . Stealth | -11 -10 -10 --------- Run | Yrd Mat Sub Distress Signals 2 | . 2 . Communications Jammed . | . . . Distress Signals . | . . . Times Spotted 40 | . 27 13 Peak Tracking Total 6 | . 3 6 Tactical Retreats 1 | . . 1 Traps | -11 -10 -10 ------- Run | Yrd Mat Sub Traps Triggered 1 | . 1 . Indirectly . | . . . Trap Hack Attempts . | . . . Triggered . | . . . Disarmed . | . . . Reprogrammed . | . . . Reused . | . . . Traps Extracted . | . . . Installed . | . . . Triggered . | . . . Machines | -11 -10 -10 ---------- Run | Yrd Mat Sub Machines Disabled 1 | . 1 . Max in Single Turn 1 | . 1 . Machines Repaired . | . . . Machines Dismantled . | . . . Machines Sabotaged . | . . . Overloaded Fab Kills . | . . . Hacking | -11 -10 -10 --------- Run | Yrd Mat Sub Machines Accessed 7 | . 7 . Terminals 5 | . 5 . Fabricators . | . . . Repair Stations . | . . . Recycling Units 2 | . 2 . Scanalyzers . | . . . Garrison Access . | . . . Total Hacks 20 | . 20 . Successful 9 | . 9 . Failed 11 | . 11 . Catastrophic 2 | . 2 . Database Lockouts . | . . . Manual 20 | . 20 . Terminals 17 | . 17 . Fabricators . | . . . Repair Stations . | . . . Recycling Units 3 | . 3 . Scanalyzers . | . . . Garrison Access . | . . . Terminal Hacks 4 | . 4 . Robot Analysis 3 | . 3 . Registered Prototypes 1 | . 1 . Fabricator Hacks . | . . . Repair Station Hacks . | . . . Recycling Unit Hacks . | . . . Scanalyzer . | . . . Garrison Access Hacks . | . . . Unauthorized Hacks 5 | . 5 . Terminals 3 | . 3 . Botnet 1 | . 1 . Disrupt 1 | . 1 . Operators 1 | . 1 . Fabricators . | . . . Repair Stations . | . . . Recycling Units 2 | . 2 . Tunnel 2 | . 2 . Scanalyzers . | . . . Garrison Access . | . . . Data Cores Recovered . | . . . Used . | . . . Hacking Detections 5 | . 5 . Full Trace Events 1 | . 1 . Feedback Events . | . . . Feedback Blocked . | . . . Robot Schematics Acquired . | . . . Robots Built . | . . . Authchips . | . . . Time . | . . . Total Robot Build Rating . | . . . Part Schematics Acquired . | . . . Parts Built . | . . . Authchips . | . . . Time . | . . . Total Part Build Rating . | . . . Part Studies Acquired . | . . . Parts Repaired . | . . . Time . | . . . Parts Recycled . | . . . Recycled Matter . | . . . Retrieved Matter . | . . . Retrieved Components . | . . . Parts Scanalyzed . | . . . Part Schematics Acquired . | . . . Parts Damaged . | . . . Bothacking | -11 -10 -10 ------------ Run | Yrd Mat Sub Used RIF Installer . | . . . Robots Hacked . | . . . Non-combat . | . . . Combat . | . . . Robot Hacks Applied . | . . . Relay Couplers Released . | . . . Fabnet Peak Effective % . | . . . Robots Rewired . | . . . Allies Hacked . | . . . Hacks Repelled . | . . . Allies | -11 -10 -10 -------- Run | Yrd Mat Sub Total Allies . | . . . Largest Group . | . . . Highest-Rated Group . | . . . Highest-Rated Ally . | . . . Total Orders . | . . . Ally Attacks . | . . . Total Damage . | . . . Kills . | . . . Allies Corrupted . | . . . Allies Melted . | . . . Intel | -11 -10 -10 ------- Run | Yrd Mat Sub Active Infowar (turns) 910 | 18 892 . Terrain 910 | 18 892 . Robot Analysis Total 3 | . 3 . Derelict Logs Recovered 1 | . . 1 Drone Launches . | . . . Drone Recoveries . | . . . Exploration | -11 -10 -10 ------------- Run | Yrd Mat Sub Turns Passed 6523 | 37 1388 5098 Spaces Moved 2055 | 13 609 1433 Core . | . . . Treads 2048 | 6 609 1433 Legs 7 | 7 . . Wheels . | . . . Hover . | . . . Flight . | . . . Fastest Speed 120 | 120 160 320 Average Speed 291 | 138 190 335 Slowest Speed 560 | 160 320 560 Overloaded Moves . | . . . Propulsion Burnouts . | . . . Robots Hopped . | . . . Potential Cave-ins . | . . . Cave-ins Triggered . | . . . Exploration Rate (%) 51 | 3 85 67 Regions Visited 2 Branch Regions 1 Pre-discovered Areas 3 | . 2 1 Known Exits Taken . | . . . Unknown Exits Taken 2 | 1 1 . Scrap Searched 16 | . . 16 Spaces Dug 1 | . . 1 Terrain Destroyed 12 | . 8 4 Melee 1 | . . 1 Projectile 3 | . . 3 AOE 8 | . 8 . Terrain Rammed 1 | . . 1 Walls Destroyed 1 | . . 1 Machines Disabled . | . . . Actions | -11 -10 -10 --------- Run | Yrd Mat Sub Total 2332 | 23 728 1581 Wait 57 | . 22 35 Move 2053 | 12 608 1433 Hop . | . . . Pick Up 23 | . 18 5 Fast Attach 8 | 1 1 6 Attach 8 | 2 2 4 Detach 4 | . . 4 Swap 12 | 1 6 5 Drop 14 | 2 8 4 Fire 142 | 5 54 83 Melee 1 | . . 1 Ram 1 | . . 1 Kick . | . . . Crush 9 | . 9 . Escape Stasis . | . . . Rewire . | . . . Trap . | . . . Miscellaneous . | . . . Route ------- -11/Scrapyard -10/Materials (discovered 5 exits: [*Mat x3] / [*Min] / [*Sub]) -10/Subcaves (discovered 3 exits: [*Mat x2] / [*Rec]) History --------- Turn | Location | Event 16 | -11/Scrapyard | Discovered new exit (range 2) 38 | -11/Scrapyard | Entered Materials 58 | -10/Materials | Discovered new exit (range 16) 216 | -10/Materials | Discovered new exit (range 3) 315 | -10/Materials | Build established: Mutant 599 | -10/Materials | Discovered new exit (range 13) 1024 | -10/Materials | Discovered new exit (range 11) 1410 | -10/Materials | Discovered new exit (range 5) 1426 | -10/Materials | Entered Subcaves 1427 | -10/Subcaves | Approached by a straggling Scientist 1635 | -10/Subcaves | Disturbed a concealed Subdweller 1975 | -10/Subcaves | Core integrity fell below 50% 2117 | -10/Subcaves | A swath of the cavern ceiling suddenly collapsed 2522 | -10/Subcaves | A swath of the cavern ceiling suddenly collapsed 3093 | -10/Subcaves | Disturbed a concealed Subdweller 3762 | -10/Subcaves | Build established: Derelict-Mutant 4398 | -10/Subcaves | Shifting Twisted Machinery released Sub. Laser 4417 | -10/Subcaves | Shifting Twisted Machinery released Unknown Storage 4947 | -10/Subcaves | Discovered new exit (range 3) 4966 | -10/Subcaves | Build established: Mutant 5083 | -10/Subcaves | Disturbed a concealed Subdweller 5085 | -10/Subcaves | Core integrity fell below 20% 5535 | -10/Subcaves | Shifting Twisted Machinery released Piercing Trap 5569 | -10/Subcaves | Disturbed a concealed Subdweller 5610 | -10/Subcaves | Shifting Twisted Machinery released Scrap Shield 5875 | -10/Subcaves | Shifting Twisted Machinery released Mak. Spear 5892 | -10/Subcaves | Shifting Twisted Machinery released Scrap Shield 6010 | -10/Subcaves | Discovered new exit (range 5) 6021 | -10/Subcaves | Learned location of Zion (-6) 6021 | -10/Subcaves | Met a Zionite searching for "candidates" 6362 | -10/Subcaves | Discovered new exit (range 7) 6524 | -10/Subcaves | Destroyed by Y-45 Defender with Heavy Assault Rifle Last Messages --------------- 06010_ EXIT=FOUND 06021_ AA-0A7(z): "Hey you! It's really dangerous down here, I feel that you could die at any moment. For your health and safety might I suggest a trip to Zion?" World map updated: -6/Zion. 06269_ System corrupted: Matter fused (-10). 06313_ System corrupted: Matter fused (-8). 06320_ Subatomizers dissect the Sub. Machine Gun. 06341_ Acquired 18 matter. 06347_ Acquired Sub. Machine Gun. 06362_ EXIT=FOUND 06412_ BJ-SZ7(R) destroyed. 06425_ System corrupted: Energy discharge (-37). 06432_ AT-JON(R) destroyed. 06441_ RM-M92(R) destroyed. 06451_ Acquired 32 matter. 06464_ Acquired Sub. Laser. 06515_ Subatomizers dissect the Sub. Monowheel. Map ----- +----------------------------------------------------+ | ????????????????????????????????????????????? | | ????????????????????????????????????????????? | | ????????????????????????????????????????????? | | ????????????????????????????????????????????? | | ????????????????????????????????????????????? | | ????????????????????????????????????????????? | | ????????????????????????????????????????????? | | ????????????????????????????????????????????? | | ????????????????????????????????????????????? | | ????????????????????????????????????????????? | | ????????????????????????????????????????????? | | ????????????????????????????????????????????? | | ????????????????????????????????????????????? | | ????????????????????????????????????????????? | | ????????????????????????????????????????????? | | ??????????????????????????????????????# ????? | | ????????????????????????????????????? ????? | | ??????????????????????????????? ???? ???? | | ?????????????????????????##???? ??? ???? | | ???????????????????????? ##???# ??? ???? | | ????????????????????#### #???# #?? ???? | | ???????????????????## #* ##??# ?? ???? | | ???????????????????# !%[ #??# #?# #???? | | ???????????????????# Y| #??? ## ????? | | ???????????????????# # #???? ????? | | ??????????????????##@##?? #????# #????? | | ??????????????????# #???? #???## #????? | | ??????????????????## #???? ##### ##???? | | ???????????????????# ###??? ## ####? | | ???????????###"###?# ## ?## #?# #? | | ???????????#%&!&%#?# ## # #????# #? | | ???????????#= !&### # # ????## #? | | ???????????#*"& # # ???## ## | | ???????????#"%& " ### # ##### # | | ???????????#&&" # < #### % | | ???????????##### ##?# #### | | ??????????????## ##??#### ###?## | | ??????????????# ########% ## ##?##### | | ??????????????## ### =## % #?????# | | ??????????????# %!| #????## | | ??????????????# % %! #???## # | | ??????????????# # ## # # ##???# # | | ??????????????######## #????# ## | | ?????????????????????## ##???## ## | | ?????????????????????## ##???## # | | ????????????????????## ## ##????# | | ????????????????????# #####??##### | | ???????????????????# #??????# ## # | | ???????????????????##### #??????# ## | | ???????????????????????#### #??????# ####? | +----------------------------------------------------+ Best States ------------- Heat Dissipation 25 Energy Generation 10 Energy Capacity 250 Matter Stores 500 Matter Capacity 500 Sight Range 16 Terrain Scan Range 16 Terrain Scan Density 10 Armor Coverage 100 Resistance: TH 10 Evasion (%) 45 Recoil Reduction 2 Item Schematics ----------------- None Robot Schematics ------------------ None Fabricated ------------ Nothing Repaired ---------- Nothing Studied --------- None Alien Tech Used ----------------- None Achievements -------------- None Challenges ------------ None Game ------ Seed EncryptedSpreadThrower Manual? 0 Play Time 00:21:00 Cumulative 437.6 hours Start 2026.05.02 @ 01:15:10 End 2026.05.02 @ 01:45:01 Sessions 1 Manual Loads 0 Difficulty Rogue Special Mode None Game No. 369 Rogue 333 Adventurer 36 Explorer 0 Win Type - Total 5 Types 2/0/0/1/0/0/0/2/0/0 Lore% 81 Gallery% 69 Achievement% 60 Wizard Run 0 Options --------- Layout 2 ASCII 0 Keyboard 0 Movement Numpad Keybinds 0 Fullscreen 1 Font 48/Smallcaps Map View 50x44 Zoom Use 0% Tactical HUD 1 Map Filters NONE Filters NONE Steam 1 RUN: 672257c9-a2fa-45ac-932d-6524462afa61